 Dungeon Crawl Stone Soup version 0.17-a0-288-gaf424a4 (webtiles) character file.

69 Ryushun the Grave Robber (level 4, -3/32 HPs)
             Began as a Human Necromancer on Mar 30, 2015.
             Slain by a worm (9 damage)
             ... on level 3 of the Dungeon.
             The game lasted 00:20:01 (3324 turns).

Ryushun the Grave Robber (Human Necromancer)        Turns: 3324, Time: 00:20:01

Health: -3/32      AC:  6    Str:  8    XL:     4   Next: 42%
Magic:  4/5        EV: 13    Int: 16    God:
Gold:   160        SH:  0    Dex: 14    Spells: 2 memorised, 6 levels left

rFire  . . .     SeeInvis .     e - +0 dagger
rCold  . . .     Clarity  .     s - +0 scale mail
rNeg   . . .     SustAb   .     (no shield)
rPois  .         Gourm    .     (no helmet)
rElec  .         Spirit   .     (no cloak)
rCorr  .         Warding  .     (no gloves)
rMut   .         Stasis   .     (no boots)
MR     .....                    (no amulet)
Stlth  +.........               (no ring)
                                k - +5 ring of evasion

@: not resistant to hostile enchantments, very unstealthy
A: no striking features
a: no special abilities


You were on level 3 of the Dungeon.
You were not hungry.

You visited 1 branch of the dungeon, and saw 3 of its levels.

You collected 160 gold pieces.

Inventory:

Hand weapons
 e - a +0 dagger (weapon)
 h - a +0 hunting sling
 m - a +0 spear
 p - a +0 spear
 q - a +0 short sword
 z - a +0 dagger
Missiles
 d - 30 arrows
 g - 3 poisoned needles
 i - 56 stones (quivered)
 w - 13 poisoned bolts
Armour
 a - a +0 robe
 o - a +0 leather armour
 s - a +0 scale mail (worn)
 t - a +0 robe
Jewellery
 k - a +5 ring of evasion (left hand)
Scrolls
 l - 3 scrolls of teleportation
 n - a scroll of identify
 r - a scroll of fog {unknown}
 y - 3 scrolls of recharging {unknown}
Potions
 f - 2 potions of restore abilities
 j - 2 potions of curing
 v - a potion of poison {unknown}
 x - a potion of lignification {unknown}
Books
 b - a book of Necromancy

   Spells                             Type                      Level
   a - Pain                           Necromancy                   1
   b - Animate Skeleton               Necromancy                   1
   c - Vampiric Draining              Necromancy                   3
   d - Regeneration                   Charms/Necromancy            3
   e - Animate Dead                   Necromancy                   4
   f - Control Undead                 Necromancy                   4
Comestibles
 c - a bread ration
 u - 2 meat rations
 A - 6 chunks of flesh


   Skills:
 * Level 1.3 Fighting
 * Level 1.6 Short Blades
 + Level 2.3 Dodging
 + Level 2.2 Stealth
 + Level 2.5 Spellcasting
 + Level 4.3 Necromancy


You had 6 spell levels left.
You knew the following spells:

 Your Spells              Type           Power        Failure   Level  Hunger
a - Pain                  Necr           ###.         38%         1    #......
b - Animate Skeleton      Necr           N/A          38%         1    #......


Dungeon Overview and Level Annotations

Branches:
Dungeon (3/15)

Altars:


Message History

The worm bites you but does no damage.
Your hobgoblin skeleton hits the worm.
The hobgoblin hits your hobgoblin skeleton.
You hit the worm but do no damage.
The worm is severely wounded.
Your giant newt skeleton barely misses the worm.
The hobgoblin hits your hobgoblin skeleton.
Your hobgoblin skeleton is destroyed!
You hit the worm.
The worm is severely wounded.
The worm bites you!
* * * LOW HITPOINT WARNING * * *
You hit the worm.
The worm is almost dead.
Your giant newt skeleton bites the worm.
You hit the worm.
The worm is almost dead.
The hobgoblin barely misses you.
Your giant newt skeleton bites the worm but does no damage.
The worm bites you!
You die...

..... ............ .).#
#............... ...#
#................ ...#
#................. ...#
#..................
...###..................
....##..................
....##..........g).......
................@w.......
..#.............Z........
..#...##.#######........
..#...##.# #........
..#...##.# #########
..#....#.# ..#....#.#
.)####.... ....


You could see a worm, a hobgoblin and a friendly giant newt skeleton.

Vanquished Creatures
  An adder (D:2)
  A worm (D:2)
  7 giant geckos
  An orc (D:3)
  A giant cockroach (D:2)
  4 hobgoblins
  A jackal (D:3)
  4 bats
  4 giant newts
  7 goblins
  4 kobolds
  5 rats
40 creatures vanquished.

Vanquished Creatures (collateral kills)
  A worm (D:2)
  A giant cockroach (D:3)
  4 hobgoblins (D:1)
6 creatures vanquished.

Vanquished Creatures (others)
  A giant gecko skeleton (D:1)
  3 goblin skeletons
  2 hobgoblin skeletons
  A jackal skeleton (D:3)
  A kobold skeleton (D:2)
  A rat skeleton (D:1)
9 creatures vanquished.

Grand Total: 55 creatures vanquished

Notes
Turn   | Place    | Note
--------------------------------------------------------------
     0 | D:1      | Ryushun, the Human Necromancer, began the quest for the Orb.
     0 | D:1      | Reached XP level 1. HP: 13/13 MP: 2/2
   261 | D:1      | Learned a level 1 spell: Animate Skeleton
   887 | D:1      | Reached XP level 2. HP: 20/20 MP: 3/3
  1542 | D:1      | Reached XP level 3. HP: 23/25 MP: 2/4
  1701 | D:1      | Reached skill level 1 in Short Blades
  2386 | D:2      | Reached skill level 1 in Fighting
  2501 | D:2      | Reached XP level 4. HP: 13/32 MP: 5/5
  3324 | D:3      | Slain by a worm

Action                   |  1- 3 |  4- 6 || total
-------------------------+-------+-------++-------
Melee: Dagger            |    98 |    57 ||   155
 Cast: Animate Skeleton  |    15 |     5 ||    20
       Pain              |    10 |    11 ||    21
  Use: Scroll            |     5 |     1 ||     6
 Stab: Sleeping          |     2 |       ||     2
       Distracted        |     1 |       ||     1
  Eat: Chunk             |     3 |       ||     3
       Meat ration       |     1 |       ||     1
       Pizza             |       |     1 ||     1
